 Dungeon Crawl Stone Soup version 0.30.1-4-g462c640d31 (webtiles) character file.

Game seed: 11576375149004667973

380 arthad the Trooper (level 6, -1/33 HPs)
             Began as a Vine Stalker Fighter on Aug 27, 2023.
             Slain by Jessica
             ... wielding a +0 dagger
              (2 damage)
             ... on level 3 of the Dungeon.
             The game lasted 00:03:32 (2449 turns).

arthad the Trooper (Vine Stalker Fighter)           Turns: 2449, Time: 00:03:33

Health: -1/33      AC:  7    Str: 20    XL:     6   Next: 75%
Magic:  0/7        EV:  8    Int:  8    God:
Gold:   48         SH:  9    Dex: 14    Spells: 5/5 levels left

rFire   . . .        a - +0 war axe
rCold   + . .        u - +0 kite shield
rNeg    . . .        w - +1 scale mail {rC+}
rPois   .            (no helmet)
rElec   .            (no cloak)
rCorr   .            (no gloves)
SInv    .            (no boots)
Will    .....        (no amulet) Stlth
                     (no ring)
HPRegen 1.05/turn    (no ring)
MPRegen 0.10/turn

%: guardian spirit
@: mighty
A: fangs 2, regeneration 1, magic shield, antimagic bite, no potion heal 2
a: no special abilities


You were on level 3 of the Dungeon.
You visited 1 branch of the dungeon, and saw 3 of its levels.

You collected 142 gold pieces.
You spent 94 gold pieces at shops.

Inventory:

Hand Weapons
 a - a +0 war axe (weapon)
 v - the +3 sling of the Lumpy Places {antimagic, Will+}
   (You found it on level 3 of the Dungeon)

   Will:      It increases your willpower.
Armour
 b - a +0 scale mail
 c - a +0 buckler
 u - a +0 kite shield (worn)
 w - a +1 scale mail of cold resistance (worn)
Jewellery
 f - a ring of fire
 m - a ring of protection from cold
Wands
 l - a wand of roots (6)
Scrolls
 e - 7 scrolls of identify {unknown}
 i - 2 scrolls of enchant armour {unknown}
 k - a scroll of blinking {unknown}
 o - a scroll of vulnerability {unknown}
 q - a scroll of amnesia {unknown}
 r - a scroll of fear {unknown}
 t - 2 scrolls of teleportation {unknown}
 x - a scroll of magic mapping {unknown}
Potions
 g - 4 potions of heal wounds {unknown}
 h - 4 potions of curing {unknown}
 j - a potion of attraction {unknown}
 n - 2 potions of degeneration {unknown}
 p - a potion of flight {unknown}
 s - 2 potions of haste
 z - a potion of lignification {unknown}


   Skills:
 + Level 4.1 Fighting
 + Level 3.4 Axes
 + Level 3.6 Armour
 + Level 4.0 Shields


You had 5 spell levels left.
You didn't know any spells.
Your spell library was empty.

Dungeon Overview and Level Annotations

Branches:
Dungeon (3/15)

Altars:
Nemelex Xobeh

Shops:
D:2 *

Annotations:
D:3 Jessica


Innate Abilities, Weirdness & Mutations

You have extremely sharp teeth.
Your natural rate of healing is unusually fast.
When hurt, damage is shared between your health and your magic reserves.
Your bite disrupts and absorbs the magic of your enemies.
Potions cannot restore your health.


Message History

Jessica shouts!
You hit the orc. You bite the orc.
You kill the orc!
You barely miss the kobold. You closely miss the orc priest.
Jessica drinks a potion.
Jessica seems to speed up.
The orc priest barely misses you. You block the kobold's attack.
The kobold closely misses you. The orc priest hits you with a +0 club.
You hit the orc priest. Your bite misses the orc priest.
The orc priest is lightly wounded.
You hit the kobold. You block the orc priest's attack.
The kobold barely misses you.
You completely miss the kobold. You bite the kobold, but do no damage.
The kobold is severely wounded.
You closely miss the orc priest. You block the orc priest's attack.
The kobold hits you with a +0 club.
You closely miss the kobold.
The kobold is severely wounded.
You hit the orc priest. The orc priest barely misses you.
The kobold hits you with a +0 club.
A goblin comes into view. It is wielding a +0 long sword.
Jessica barely misses you. You block the kobold's attack.
The orc priest hits you with a +0 club.
The goblin shouts!
You hit the kobold.
You kill the kobold!
You hit Jessica. You closely miss the orc priest.
Jessica hits you with a +0 dagger.
The orc priest calls down the wrath of Beogh upon you.
Beogh smites you!
* * * LOW HITPOINT WARNING * * *
Jessica misses you.
You are too injured to fight recklessly!
You are too injured to fight recklessly!
You are too injured to fight recklessly!
You are too injured to fight recklessly!
You feel very mighty all of a sudden. You block Jessica's attack.
The orc priest hits you with a +0 club.
* * * LOW HITPOINT WARNING * * *
You block the hobgoblin's attack. Jessica hits you with a +0 dagger.
You die...

####.# ## '#..##'#).#.#
####.###....#'##
..........#.#
<...............
............#
.....###.... ...
..#######.### ###..# ##
#.g #.# .....# #.. #.#
#.#.## #.. #######.#
#.#.#
.#'##.g#####.......#
....#
......o@@..........#
#.###
###..##)#.###..#########
#.# # #.!.# #.## #......
#.#####.# ###.# #.#
##.##### ......... #.#
#.# #....... #####.#.#
#.# #.# #..##### # ...
..# #..# # ..# ### #..#
## ######..#####


You could see an orc priest, Jessica (fast), a hobgoblin and a goblin.

Vanquished Creatures
  Grinder (D:3)
  2 orc priests (D:3)
  Terence (D:3)
  3 adders
  A white imp (D:3)
  6 orcs (D:3)
  5 ball pythons
  5 bats
  5 endoplasms
  3 giant cockroaches
  4 goblins
  2 hobgoblins
  6 kobolds
  2 quokkas
  5 frilled lizards
  8 rats
59 creatures vanquished.

Notes
Turn   | Place    | Note
-------+----------+-------------------------------------------
     0 | D:1      | arthad the Vine Stalker Fighter began the quest for the
                  | Orb.
     0 | D:1      | Reached XP level 1. HP: 11/11 MP: 2/2
   191 | D:1      | Reached XP level 2. HP: 13/16 MP: 1/3
   763 | D:2      | Reached XP level 3. HP: 8/20 MP: 4/4
  1498 | D:2      | Found Hujolif's Assorted Antiques.
  1512 | D:2      | Bought a scroll labelled PIMPEE JAECA IXUA for 25 gold
                  | pieces
  1512 | D:2      | Bought a bubbling clear potion for 22 gold pieces
  1512 | D:2      | Bought a scroll labelled WYRALAOTWE for 25 gold pieces
  1512 | D:2      | Bought a grey potion for 22 gold pieces
  1712 | D:3      | HP: 1/20 [goblin/+0 dagger (2)]
  1807 | D:3      | Gained mutation: Your natural rate of healing is unusually
                  | fast. [Vine Stalker growth]
  1807 | D:3      | Reached XP level 4. HP: 5/24 MP: 1/5
  1919 | D:3      | Identified the +3 sling of the Lumpy Places {antimagic,
                  | Will+}
  2050 | D:3      | Noticed Terence
  2059 | D:3      | Killed Terence
  2060 | D:3      | Reached XP level 5. HP: 16/28 MP: 1/6
  2138 | D:3      | Noticed Jessica
  2250 | D:3      | Noticed Grinder
  2267 | D:3      | Killed Grinder
  2268 | D:3      | Reached XP level 6. HP: 31/33 MP: 7/7
  2292 | D:3      | Found a sparkling altar of Nemelex Xobeh.
  2449 | D:3      | HP: 1/33 [orc priest/+0 club (3)]
  2449 | D:3      | Slain by Jessica

Illustrated notes

Levels and vault maps discovered:
D:1:      dpeg_arrival_pond, layout_loops_ring, serial_bayou_pond_c,
          hangedman_decor_growths
D:2:      layout_loops_corners, serial_shops, shop
D:3:      corexii_shack_village, layout_loops_ring,
          nemelex_diamond_rough_becter, uniq_jessica, uniq_grinder,
          uniq_crazy_yiuf_cottage, uniq_terence

Skill      XL: |  1  2  3  4  5 |
---------------+----------------+-----
Axes           | 2 3 |  3.4
Fighting       | 3 4 |  4.1
Shields        | 3 4 |  4.0
Armour         | 3 |  3.6

Action                     |  1- 3 |  4- 6 || total
---------------------------+-------+-------++-------
  Melee: War axe           |    93 |    59 ||   152
         Bite              |    21 |    19 ||    40
    Use: Potion            |       |     1 ||     1
 Armour: Scale mail        |    28 |    18 ||    46
  Dodge: Dodged            |    46 |    21 ||    67
  Block: Buckler           |    19 |       ||    19
         Kite shield       |       |    25 ||    25
